AoeStats
← MR.LEcoso

Nomad

510611777Analyzed
3v3 RM · 2d ago on Oct 1, 2026· 32m 19s· 6 players
Game mode
Random Map
Map size
210×210
Population
200
Speed
Normal
Resources
Standard
Victory
Conquest
Starting age
Dark Age
Ending age
Imperial Age
RankedLock teamsTeams togetherTeam positionsShared explorationLock speedFull tech treeHidden civsTurbo modeCheats
Victory
Defeat
🇦🇷 Malians · Argentina
1300
+12
🇦🇷 Persians · Argentina
1268
+14
🇦🇷 Italians · Argentina
1181
+18
🇦🇷 Persians · Argentina
1241
-16
🇵🇹 Vietnamese · Portugal
1232
-15
🇵🇪 Goths · Peru
1180
-13
Massarock
9:25 Loom
13:48 Feudal Age
16:38 Double-Bit Axe
19:01 Castle Age
17:50 Padded Archer Armor
18:26 Gold Mining
18:50 Fletching
19:22 Crossbowman
20:39 Bodkin Arrow
23:15 Pikeman
24:05 Scale Mail Armor
26:12 Bow Saw
25:44 Horse Collar
27:43 Chain Mail Armor
30:16 Forging
30:32 Ballistics
30:32 Scale Barding Armor
30:31 Heavy Plow
Rasec
4:13 Loom
13:04 Feudal Age
18:05 Castle Age
16:59 Double-Bit Axe
17:33 Horse Collar
17:52 Stone Mining
19:10 Bow Saw
21:56 Fletching
NASPI
8:12 Loom
27:25 Feudal Age
31:21 Castle Age
31:59 Double-Bit Axe
El VieJoOo
4:57 Loom
13:26 Feudal Age
17:27 Castle Age
21:56 Fletching
MR.LEcoso
4:50 Loom
15:34 Feudal Age
16:16 Double-Bit Axe
20:23 Castle Age
22:35 Padded Archer Armor
22:27 Town Watch
24:19 Wheelbarrow
23:59 Bow Saw
28:08 Fletching
31:26 Bodkin Arrow
32:16 Padded Archer Armor
MatoSM
3:08 Loom
13:39 Feudal Age
14:01 Double-Bit Axe
14:11 Gold Mining
14:17 Fishing Lines
19:24 Castle Age
17:51 Stone Mining
20:02 Medium Warships
20:35 Gillnets
21:43 Bow Saw
22:18 Wheelbarrow
21:29 Town Watch
23:23 Forging
26:59 Scale Barding Armor
28:39 Stone Shaft Mining
29:07 Fletching
30:05 Gold Shaft Mining
30:47 Bodkin Arrow
32:14 Husbandry
32:24 Bloodlines
Connection lost

Rejoining the realm…

Still unreachable

The connection could not be restored.

Session expired

The server has moved on; the page needs a fresh start.